 Dungeon Crawl Stone Soup version 0.26.0-10-g1f06aea511 (webtiles) character file.

Game seed: 7632324003283733049

120227 vatarom the Spear-Bearer (level 16, -5/132 HPs)
             Began as a Demonspawn Abyssal Knight on Jan 18, 2021.
             Was the Champion of Lugonu.
             Splashed by a goliath frog's acid (8 damage)
             ... on level 1 of the Swamp.
             The game lasted 01:09:53 (45472 turns).

vatarom the Spear-Bearer (DsAK)                    Turns: 45472, Time: 01:09:54

Health: -5/132     AC:  8    Str: 20    XL:     16   Next: 29%
Magic:  25/25      EV: 20    Int: 17    God:    Lugonu [******]
Gold:   317        SH:  5    Dex: 24    Spells: 15/15 levels left

rFire    . . .     SeeInvis +   B - +3 glaive (spect)
rCold    . . .     Faith    .   (shield currently unavailable)
rNeg     . . .     Spirit   .   T - +2 swamp dragon scales
rPois    +         Reflect  +   F - +3 crown of Dyrovepreva {rElec Int+2 SInv}
rElec    +         Harm     .   K - +0 cloak
rCorr    .         Rampage  .   C - +2 pair of gloves {Str+3}
Will     +....                  (boots unavailable)
Stlth    +.........             R - amulet of the Median {Reflect rC- Str+2 Dex+4 SH+5}
HPRegen  0.32/turn              c - ring of protection from cold
MPRegen  0.19/turn              h - ring of stealth

@: mighty, corroded, very slow
A: talons 3, repulsion field 1, agile 2, deformed body, demonic guardian 2,
powered by pain 2, subdued magic 1
a: Renounce Religion, Depart the Abyss, Bend Space, Banish, Corrupt, Enter the
Abyss, Brand Weapon With Distortion


You were on level 1 of the Swamp.
You worshipped Lugonu.
Lugonu was exalted by your worship.
You visited 6 branches of the dungeon, and saw 28 of its levels.
You visited the Abyss 1 time.
You also visited: Bailey.

You collected 2331 gold pieces.
You spent 2014 gold pieces at shops.

Inventory:

Hand Weapons
 B - a +3 spectral glaive (weapon)
 E - a +1 trident of venom
Missiles
 a - 58 poisoned darts (quivered)
 b - 32 boomerangs
 u - 3 atropa-tipped darts
 y - 5 throwing nets {!f}
 z - 4 boomerangs of dispersal
Armour
 C - a +2 pair of gloves of strength (worn)
 D - a +1 plate armour of willpower
 F - the +3 crown of Dyrovepreva (worn) {rElec Int+2 SInv}
   (You bought it in a shop on level 8 of the Dungeon)

   It affects your intelligence (+2).
   It insulates you from electricity.
   It lets you see invisible.
 K - a +0 cloak (worn)
 T - +2 swamp dragon scales (worn)
Jewellery
 c - a ring of protection from cold (left hand)
 f - an uncursed ring of protection from fire
 h - a ring of stealth (right hand)
 i - an uncursed ring of see invisible
 m - an uncursed amulet of magic regeneration
 n - an uncursed ring of positive energy
 w - an uncursed ring of wizardry
 P - an uncursed ring of protection from fire
 R - the amulet of the Median (around neck) {Reflect rC- Str+2 Dex+4 SH+5}
   (You acquired it on level 5 of the Lair of Beasts)

   [amulet of reflection]

   It shields you and reflects attacks.
   It affects your strength (+2).
   It affects your dexterity (+4).
   It makes you vulnerable to cold.
   It affects your SH (+5).
 W - an uncursed ring of see invisible
Wands
 r - a wand of flame (34)
 t - a wand of paralysis (15)
 v - a wand of acid (2) {@v2}
 I - a wand of iceblast (21) {@v4}
 L - a wand of polymorph (6)
 O - a wand of random effects (12)
Scrolls
 d - 2 scrolls of blinking {@r4}
 j - 2 scrolls of fog
 s - 7 scrolls of magic mapping
 G - 6 scrolls of identify {@r1}
 M - 11 scrolls of remove curse {@r2}
 N - 4 scrolls of torment
 S - a scroll of brand weapon
 U - 4 scrolls of teleportation {@r3}
 X - 2 scrolls of amnesia
Potions
 e - 7 potions of curing {@q1}
 g - 3 potions of attraction
 k - 4 potions of flight
 l - 5 potions of brilliance {@q6}
 o - 4 potions of might {@q4}
 p - 5 potions of lignification
 q - a potion of haste {@q3}
 x - a potion of heal wounds {@q2}
 H - 2 potions of resistance
 Q - 2 potions of berserk rage
 V - a potion of invisibility
Miscellaneous
 A - a box of beasts
 J - a tin of tremorstones (2/2)


   Skills:
 + Level 13.9 Fighting
 + Level 13.9 Polearms
 - Level 8.3 Throwing
 - Level 10.2 Armour
 * Level 7.9 Dodging
 - Level 12.0 Invocations
 - Level 11.3 Evocations


You had 15 spell levels left.
You didn't know any spells.
Your spell library contained the following spells:

 Spells                   Type           Power        Failure   Level
 Animate Skeleton         Necr           0%           30%         1
 Apportation              Tloc           0%           30%         1
 Corona                   Hex            0%           30%         1
 Magic Dart               Conj           0%           30%         1
 Summon Small Mammal      Summ           0%           30%         1
 Blink                    Tloc           N/A          43%         2
 Call Imp                 Summ           0%           43%         2
 Corpse Rot               Necr/Air       N/A          43%         2
 Ensorcelled Hibernation  Hex/Ice        0%           43%         2
 Poisonous Vapours        Pois/Air       0%           43%         2
 Searing Ray              Conj           0%           43%         2
 Slow                     Hex            0%           43%         2
 Swiftness                Air            0%           43%         2
 Confusing Touch          Hex            0%           67%         3
 Conjure Flame            Conj/Fire      0%           67%         3
 Dazzling Flash           Conj/Hex       0%           67%         3
 Frozen Ramparts          Ice            0%           67%         3
 Gell's Gravitas          Tloc           0%           67%         3
 Mephitic Cloud           Conj/Pois/Air  0%           67%         3
 Portal Projectile        Hex/Tloc       0%           67%         3
 Tukima's Dance           Hex            0%           67%         3
 Animate Dead             Necr           0%           97%         4
 Fulminant Prism          Conj/Hex       0%           97%         4
 Iskenderun's Mystic Bla  Conj/Tloc      0%           97%         4
 Petrify                  Tmut/Erth      0%           97%         4
 Borgnjor's Vile Clutch   Necr/Erth      0%           100%        5
 Lightning Bolt           Conj/Air       0%           100%        5
 Metabolic Englaciation   Hex/Ice        0%           100%        5
 Yara's Violent Unravell  Hex/Tmut       0%           100%        5
 Conjure Ball Lightning   Conj/Air       0%           100%        6
 Death Channel            Necr           0%           100%        6
 Dispersal                Tloc           0%           100%        6
 Simulacrum               Ice/Necr       0%           100%        6
 Discord                  Hex            0%           100%        8
 Disjunction              Tloc           0%           100%        8


Dungeon Overview and Level Annotations

Branches:
Dungeon (15/15)            Temple (1/1) D:6            Lair (6/6) D:11
  Swamp (1/4) Lair:3       Spider (3/4) Lair:4        Slime (0/5) Lair:6
    Orc (2/2) D:12            Elf (0/3) Orc:2        Vaults (0/5) D:14
 Depths (0/5) D:15         Bailey (visited)

Altars:
Ashenzari
Cheibriados
Dithmenos
Elyvilon
Fedhas
Gozag
Hepliaklqana
Kikubaaqudgha
Makhleb
Nemelex Xobeh
Okawaru
Qazlal
Ru
Sif Muna
Trog
Uskayaw
Vehumet
Wu Jian
Xom
Yredelemnul
Zin
The Shining One
Beogh

Shops:
D:8 *   Orc:2 ([*:

Annotations:
D:2 exclusion: Terence
D:9 exclusion: oklob plant


Innate Abilities, Weirdness & Mutations

You have claws for feet.
You are surrounded by a mild repulsion field. (EV +2)
A demonic guardian rushes to your aid.
You sometimes gain power by taking damage.
You are very agile. (Dex +4)
Armour fits poorly on your strangely shaped body.
Your spells are a little easier to cast, but a little less powerful.


Message History

Your unstable footing causes you to fumble your attack.
The goliath frog hits you from afar!!
You are splashed with acid.
You are too injured to fight recklessly!
The goliath frog barely misses you. You block the goliath frog's attack.
You are too injured to fight recklessly!
You barely miss the goliath frog.
The goliath frog is severely wounded.
Your spectral weapon hits the goliath frog!
The goliath frog hits you!
* * * LOW HITPOINT WARNING * * *
The acid corrodes you!
You are splashed with acid!
* * * LOW HITPOINT WARNING * * *
The goliath frog completely misses you.
Your unstable footing causes you to fumble your attack.
The goliath frog hits you!!
* * * LOW HITPOINT WARNING * * *
You focus on the pain.
You feel mightier all of a sudden.
You are splashed with acid!
You die...

♣..≈...
.....≈≈.#
.≈.≈≈.≈.##
♣..≈.....##
♣♣≈.......#
♣..≈≈≈≈...
...≈.♣)≈♣ ♣ ♣♣
♣≈♣F(≈♣ .. ..
♣.≈@.♣ .≈≈ .
♣♣.♣<≈♣♣ ..♣≈
♣♣.≈≈[♣.♣ ♣♣
.≈♣♣≈.♣≈÷.♣♣
♣≈≈.♣†♣.§....♣♣
♣..≈≈..♣≈≈...♣
♣♣..♣♣.≈§≈≈.♣♣
♣♣ ♣..≈.≈≈≈♣
♣:≈.♣≈≈≈♣


You could see a goliath frog and a friendly +3 spectral glaive (summoned).

Vanquished Creatures
  A thorn hunter (Swamp:1)
  Kirke (Lair:3)
  An orc warlord (Orc:2)
  An emperor scorpion (Spider:1)
  A very ugly thing (D:13)
  Azrael (Spider:1)
  An entropy weaver (Spider:1)
  A dire elephant (Lair:6)
  A vault guard (D:14)
  Erolcha (D:12)
  3 boulder beetles
  11 hydras
  A catoblepas (Lair:6)
  2 centaur warriors (D:13)
  An alligator (Swamp:1)
  2 tengu warriors
  A two-headed ogre (D:12)
  2 death yaks
  4 orc high priests
  A spriggan (Swamp:1)
  An unseen horror (D:15)
  2 goliath frogs (Swamp:1)
  A spriggan druid (Lair:3)
  A glowing orange brain (D:15)
  A swamp dragon (Lair:1)
  5 orb spiders
  4 orc knights
  7 ugly things (D:15)
  An oklob plant (D:11)
  3 orc sorcerers
  5 cyclopes
  A manticore (D:13)
  2 will-o-the-wisps (Swamp:1)
  17 elephants
  9 wolf spiders
  A moth of wrath (Spider:1)
  5 black mambas
  A gargoyle (D:12)
  9 cane toads
  9 komodo dragons
  6 rime drakes
  5 demonic crawlers
  6 trolls
  A tyrant leech (Lair:3)
  12 jumping spiders
  A bloated husk (Swamp:1)
  3 polar bears
  Grinder (D:4)
  A polar bear (shapeshifter) (D:13)
  4 hornets
  3 slime creatures (D:15)
  13 blink frogs
  A raiju (shapeshifter) (D:15)
  29 redbacks
  13 tarantellas
  A shadow (D:13)
  34 yaks
  A vampire (D:14)
  3 wyverns
  4 wraiths
  A steam dragon (D:9)
  2 basilisks
  6 hogs (Lair:3)
  2 fire elementals
  5 vampire mosquitoes
  An acid dragon (D:11)
  A warg (D:12)
  4 hell hounds
  2 swamp worms
  18 water moccasins
  A swamp drake (Swamp:1)
  31 orc warriors
  3 ice beasts
  4 sky beasts
  A hornet zombie (D:6)
  3 phantoms
  4 black bears
  An eye of draining (D:13)
  7 ogres
  17 wolves
  2 centaurs
  A gnoll sergeant (Orc:2)
  20 bullfrogs
  2 wyvern skeletons
  5 scorpions
  A water moccasin skeleton (D:6)
  6 killer bees
  7 wights
  A howler monkey (D:4)
  5 electric eels
  A crimson imp (D:6)
  A quasit (D:11)
  3 centaur zombies
  9 jellies
  6 hounds
  6 centaur skeletons
  27 orc priests
  Ijyb (D:3)
  4 bullfrog skeletons
  Jessica (D:3)
  3 iguanas
  Terence (D:2)
  31 orc wizards
  Natasha (D:3)
  8 worker ants
  A hound zombie (D:7)
  A hound skeleton (D:5)
  2 howler monkey zombies
  2 worker ant zombies
  13 adders
  4 gnolls (Orc:2)
  4 shadow imps
  4 white imps
  3 oozes
  2 ufetubi
  3 worms
  5 leopard geckos
  114 orcs
  6 giant cockroaches
  7 goblins
  6 hobgoblins
  8 jackals
  9 kobolds
  3 quokkas
  A ball python (D:3)
  2 ball python skeletons (D:4)
  3 bats (D:1)
  2 frilled lizards
  A jackal zombie (D:7)
  A leopard gecko skeleton (D:7)
  8 rats
747 creatures vanquished.

Vanquished Creatures (collateral kills)
  Snorg (Lair:5)
  Josephine (Lair:5)
  A great orb of eyes (D:13)
  Harold (D:7)
  A boulder beetle (Lair:3)
  6 hydras
  2 centaur warriors
  A rakshasa (D:15)
  3 two-headed ogres
  5 death yaks (Lair:6)
  A deep troll shaman (Lair:6)
  2 lindwurms
  2 orc knights (Bailey)
  3 wolf spiders
  An orc sorcerer (Orc:2)
  An orb spider (Spider:1)
  5 ugly things
  2 cyclopes (D:13)
  Maurice (D:9)
  3 elephants
  Joseph (D:8)
  A gargoyle (D:11)
  Maggie (D:7)
  A cane toad (Lair:5)
  A cane toad (shapeshifter) (D:15)
  A komodo dragon (Lair:4)
  The ghost of Hyawatha the Grave Robber, a novice HaNe of Nemelex Xobeh (D:7)
  A troll (D:10)
  2 meliai (D:13)
  2 jumping spiders
  A polar bear (Lair:1)
  6 blink frogs
  Prince Ribbit (D:7)
  A blink frog (shapeshifter) (D:15)
  A raiju (shapeshifter) (D:15)
  A tarantella (Spider:2)
  A wraith (Lair:5)
  2 redbacks
  4 basilisks
  10 yaks
  2 vampire mosquitoes (D:13)
  A swamp worm (Lair:3)
  A soldier ant (D:14)
  2 water moccasins (Lair:6)
  2 black bears
  2 necrophages
  5 orc warriors
  A phantom (D:13)
  8 wolves
  3 centaurs
  3 bullfrogs
  2 scorpions
  6 killer bees
  7 orc priests
  2 jellies
  2 centaur skeletons
  A hound (D:7)
  3 orc wizards
  A bullfrog skeleton (D:12)
  An iguana (D:8)
  A worker ant (D:8)
  An adder (D:8)
  An ufetubus (D:7)
  15 orcs
  A ball python (D:3)
  A quokka (D:4)
158 creatures vanquished.

Vanquished Creatures (others)
  A centaur warrior (D:15)
  2 meliai (D:13)
  A freezing wraith (D:13)
  A swamp worm (Lair:3)
  An orc wizard (D:6)
  3 orcs (D:6)
  A quokka (D:4)
  A bush (Lair:6)
  6 foxfires (Swamp:1)
  83 fungi
  103 plants
203 creatures vanquished.

Grand Total: 1108 creatures vanquished

Notes
Turn   | Place    | Note
-------+----------+-------------------------------------------
     0 | Abyss:1  | vatarom the Demonspawn Abyssal Knight began the quest for
                  | the Orb.
     0 | Abyss:1  | Reached XP level 1. HP: 18/18 MP: 2/2
     7 | D:1      | Escaped the Abyss
    29 | D:1      | Gained mutation: You are surrounded by a mild repulsion
                  | field. (EV +2) [demonic ancestry]
    29 | D:1      | Reached XP level 2. HP: 24/24 MP: 4/4
   499 | D:2      | Noticed Terence
   599 | D:2      | Gained mutation: You have sharp toenails. [demonic
                  | ancestry]
   599 | D:2      | Reached XP level 3. HP: 29/29 MP: 5/5
   767 | D:2      | HP: 1/43 [Terence/puff of flame (8)]
   768 | D:2      | Killed Terence
   769 | D:2      | Reached XP level 4. HP: 2/35 MP: 6/6
  1148 | D:2      | Found a snail-covered altar of Cheibriados.
  1712 | D:2      | Reached ** piety under Lugonu
  1990 | D:3      | Noticed Jessica
  1994 | D:3      | Killed Jessica
  1995 | D:3      | Reached XP level 5. HP: 42/42 MP: 7/7
  2026 | D:3      | Noticed Ijyb
  2049 | D:3      | Killed Ijyb
  2344 | D:3      | Gained mutation: A weak demonic guardian rushes to your
                  | aid. [demonic ancestry]
  2344 | D:3      | Reached XP level 6. HP: 41/48 MP: 9/9
  2778 | D:3      | Noticed a water moccasin
  2807 | D:3      | Killed a water moccasin
  2808 | D:3      | Reached skill level 5 in Invocations
  2858 | D:3      | Noticed Natasha
  2866 | D:3      | Killed Natasha
  2881 | D:3      | Reached skill level 5 in Polearms
  3007 | D:3      | Found a bloodstained altar of Trog.
  3035 | D:4      | Reached XP level 7. HP: 50/55 MP: 9/11
  3101 | D:4      | Reached *** piety under Lugonu
  3112 | D:4      | Reached skill level 5 in Fighting
  3281 | D:4      | Noticed Grinder
  3293 | D:4      | Paralysed by Grinder for 4 turns
  3316 | D:4      | Killed Grinder
  3490 | D:4      | Reached XP level 8. HP: 61/63 MP: 12/12
  3973 | D:4      | Reached **** piety under Lugonu
  4126 | D:5      | Entered Level 5 of the Dungeon
  5309 | D:5      | Found a glowing silver altar of Zin.
  6308 | D:6      | Gained mutation: A demonic guardian rushes to your aid.
                  | [demonic ancestry]
  6308 | D:6      | Reached XP level 9. HP: 70/71 MP: 15/15
  6661 | D:6      | Found a staircase to the Ecumenical Temple.
  6790 | Temple   | Entered the Ecumenical Temple
  7707 | D:6      | Found a burning altar of Makhleb.
  7797 | D:7      | Noticed Maggie
  7807 | D:7      | Killed Maggie
  7893 | D:7      | Found a runed translucent gate.
  7894 | D:7      | Found a runed translucent gate.
  7895 | D:7      | Found a runed translucent gate.
  7911 | D:7      | Found a flagged portal.
  7920 | Bailey   | Entered a bailey
  8100 | Bailey   | Reached skill level 10 in Invocations
  8359 | Bailey   | Noticed an orc knight
  8359 | Bailey   | Noticed an orc knight
  8400 | Bailey   | Killed an orc knight
  8411 | Bailey   | Killed an orc knight
  8543 | Bailey   | Got a masterwork plate armour
  8865 | Bailey   | Identified the cursed +0 plate armour "Jodumeall" {+Blink
                  | Int+2 Dex+3} (You found it in a bailey)
  8956 | D:7      | Reached XP level 10. HP: 49/79 MP: 18/18
  9239 | D:7      | Noticed Harold
  9284 | D:7      | Killed Harold
  9397 | D:7      | Noticed Hyawatha's ghost (novice HaNe)
  9596 | D:7      | Noticed Prince Ribbit
  9601 | D:7      | Killed Prince Ribbit
  9756 | D:7      | Found a broken altar of Ashenzari.
  9821 | D:7      | Killed Hyawatha's ghost
 10212 | D:8      | Found a glowing golden altar of the Shining One.
 10333 | D:8      | Found an ancient bone altar of Kikubaaqudgha.
 10333 | D:8      | Found a stormy altar of Qazlal.
 10398 | D:8      | Found a basalt altar of Yredelemnul.
 10719 | D:8      | Found Maxzudou's General Store.
 10740 | D:8      | Bought the +3 crown of Dyrovepreva {rElec Int+2 SInv} for
                  | 579 gold pieces
 10740 | D:8      | Found the +3 crown of Dyrovepreva {rElec Int+2 SInv}
 10789 | D:8      | Noticed Joseph
 10792 | D:8      | Reached ***** piety under Lugonu
 10808 | D:8      | Killed Joseph
 10809 | D:8      | Reached skill level 5 in Armour
 10810 | D:8      | Noticed a two-headed ogre
 10823 | D:8      | Killed a two-headed ogre
 11291 | D:9      | Found an opulent altar of Gozag.
 11291 | D:9      | Found a sparkling altar of Nemelex Xobeh.
 11476 | D:9      | Noticed Maurice
 11486 | D:9      | Killed Maurice
 12219 | D:9      | Found a glowing golden altar of the Shining One.
 12219 | D:9      | Noticed an oklob plant
 12283 | D:10     | Entered Level 10 of the Dungeon
 12680 | D:10     | Found a radiant altar of Vehumet.
 12715 | D:10     | Gained mutation: You have razor-sharp toenails. [demonic
                  | ancestry]
 12715 | D:10     | Reached XP level 11. HP: 76/87 MP: 19/19
 12715 | D:10     | Noticed a centaur warrior
 12725 | D:10     | Killed a centaur warrior
 12726 | D:10     | Reached skill level 10 in Polearms
 13327 | D:10     | Gained mutation: Armour fits poorly on your strangely
                  | shaped body. [potion of mutation]
 13327 | D:10     | Gained mutation: Your spells are a little easier to cast,
                  | but a little less powerful. [potion of mutation]
 13327 | D:10     | Gained mutation: You are agile. (Dex +2) [potion of
                  | mutation]
 13327 | D:10     | Gained mutation: You are very agile. (Dex +4) [potion of
                  | mutation]
 13558 | D:11     | Noticed a boulder beetle
 13574 | D:11     | Killed a boulder beetle
 13977 | D:11     | Identified the Compendium of Ensnaring Snow
 14006 | D:11     | Noticed an oklob plant
 14020 | D:11     | Got a brightly glowing ivory ring
 14146 | D:11     | Identified the ring "Radweela" {*Corrode rElec Int+4 Dex+6
                  | SInv} (You found it on level 11 of the Dungeon)
 15289 | D:11     | Found a staircase to the Lair.
 15317 | D:11     | Killed an oklob plant
 15510 | Lair:1   | Entered Level 1 of the Lair of Beasts
 15524 | D:11     | Reached skill level 1 in Dodging
 15613 | Lair:1   | Noticed an eight-headed hydra
 15623 | Lair:1   | Killed an eight-headed hydra
 16456 | Lair:1   | Noticed Urug
 16457 | Lair:1   | Noticed Urug
 16457 | Lair:1   | Urug changed into Urug the swamp dragon
 16471 | Lair:1   | Killed Urug the swamp dragon
 16585 | Lair:1   | Reached skill level 1 in Throwing
 16595 | Lair:1   | Found a shimmering altar of Xom.
 17119 | Lair:1   | Noticed a five-headed hydra
 17126 | Lair:1   | Killed a seven-headed hydra
 17341 | Lair:1   | Reached XP level 12. HP: 71/97 MP: 20/20
 17715 | Lair:2   | Reached skill level 10 in Fighting
 19234 | Lair:3   | Noticed a boulder beetle
 19242 | Lair:3   | Killed a boulder beetle
 19293 | Lair:3   | Reached skill level 5 in Dodging
 19500 | Lair:3   | Reached skill level 5 in Throwing
 19596 | Lair:3   | Found a staircase to the Swamp.
 20155 | Lair:3   | Noticed a seven-headed hydra
 20163 | Lair:3   | Killed a seven-headed hydra
 20494 | Lair:4   | Noticed a seven-headed hydra
 20508 | Lair:4   | Killed a seven-headed hydra
 20509 | Lair:4   | Reached skill level 1 in Evocations
 20621 | Lair:4   | Found a hole to the Spider Nest.
 20667 | Lair:4   | Noticed an eight-headed hydra
 20684 | Lair:4   | Killed an eight-headed hydra
 21252 | Lair:4   | Reached ****** piety under Lugonu
 21789 | Lair:5   | Reached XP level 13. HP: 70/104 MP: 21/21
 21953 | Lair:5   | Noticed Josephine
 22069 | Lair:5   | Killed Josephine
 22250 | Lair:5   | Noticed Snorg
 22259 | Lair:5   | Killed Snorg
 22768 | Lair:5   | Identified a scroll of acquirement
 22768 | Lair:5   | Acquired the amulet of the Median {Reflect rC- Str+2 Dex+4
                  | SH+5}
 23320 | Lair:6   | Entered Level 6 of the Lair of Beasts
 23320 | Lair:6   | Found a staircase to the Slime Pits.
 23335 | Lair:5   | Reached skill level 5 in Evocations
 24767 | Lair:6   | Gained mutation: You have claws for feet. [demonic
                  | ancestry]
 24767 | Lair:6   | Reached XP level 14. HP: 74/113 MP: 22/22
 24990 | Lair:6   | Got a dazzling dire flail
 24991 | Lair:6   | Identified the +11 dire flail of Putrescence {freeze, rPois
                  | Int+2} (You found it on level 6 of the Lair of Beasts)
 27259 | D:12     | Noticed Erolcha
 27278 | D:12     | Killed Erolcha
 27647 | D:12     | Found a staircase to the Orcish Mines.
 28799 | D:13     | Noticed a brown very ugly thing
 29177 | D:13     | Identified the Disquisition on Fiery Flight
 29267 | D:13     | Killed a purple very ugly thing
 30889 | D:14     | Found a white marble altar of Elyvilon.
 30913 | D:14     | Reached skill level 10 in Evocations
 31811 | D:14     | Found a gate to the Vaults.
 31972 | D:15     | Entered Level 15 of the Dungeon
 32003 | D:15     | Gained mutation: You sometimes gain a little power by
                  | taking damage. [demonic ancestry]
 32003 | D:15     | Reached XP level 15. HP: 122/122 MP: 23/23
 32085 | D:15     | Found a sparkling altar of Nemelex Xobeh.
 33021 | D:15     | Found a staircase to the Depths.
 33439 | Orc:1    | Entered Level 1 of the Orcish Mines
 33601 | Orc:2    | Entered Level 2 of the Orcish Mines
 33778 | Orc:1    | HP: 5/122 [stone giant (24)]
 34021 | Orc:2    | Found a roughly hewn altar of Beogh.
 34296 | Orc:2    | Reached skill level 10 in Armour
 34542 | Orc:2    | Found a staircase to the Elven Halls.
 35206 | Orc:2    | Paralysed by an orc sorcerer for 3 turns
 35413 | Orc:2    | Paralysed by an orc sorcerer for 3 turns
 35821 | Orc:2    | Paralysed by an orc sorcerer for 5 turns
 35854 | Orc:2    | Noticed an orc warlord
 36193 | Orc:2    | Killed an orc warlord
 36776 | Orc:2    | Found Qeneipn's General Store.
 36777 | Orc:2    | Found Taixosk's Book Shoppe.
 36778 | Orc:2    | Found Xiucabb's Antique Armour Emporium.
 36778 | Orc:2    | Found Ziataef's Antique Weapon Emporium.
 36782 | Orc:2    | Bought an amber-encrusted ring mail for 369 gold pieces
 36782 | Orc:2    | Bought a glowing plate armour for 1066 gold pieces
 36918 | Orc:2    | Identified the +0 ring mail "Daxkebla" {*Drain Str+6 Int+5}
                  | (You bought it in a shop on level 2 of the Orcish Mines)
 37247 | Spider:1 | Entered Level 1 of the Spider Nest
 39264 | Spider:1 | Noticed Azrael
 40084 | Spider:1 | Killed Azrael
 42710 | Spider:2 | Gained mutation: You sometimes gain power by taking damage.
                  | [demonic ancestry]
 42710 | Spider:2 | Reached XP level 16. HP: 72/131 MP: 25/25
 44343 | Swamp:1  | Entered Level 1 of the Swamp
 44344 | Swamp:1  | Noticed Kirke
 44577 | Lair:3   | Killed Kirke
 45152 | Swamp:1  | Noticed a thorn hunter
 45159 | Swamp:1  | Killed a thorn hunter
 45472 | Swamp:1  | HP: 3/132 [goliath frog (21)]
 45472 | Swamp:1  | Splashed by a goliath frog's acid

Illustrated notes

Levels and vault maps discovered:
D:1:      onia_arrival_handbag, layout_rooms, st_stairs_9
D:2:      layout_basic, nicolae_overflow_crystal_walls,
          kennysheep_decorative_pillar, uniq_terence
D:3:      layout_loops_ring, marbit_many_paths, uniq_jessica, uniq_natasha,
          uniq_ijyb
D:4:      layout_rooms, lemuel_another_geyser, uniq_grinder
D:5:      layout_layer_cave, kennysheep_little_box, kennysheep_generic_room_3
D:6:      layout_loops_ring, makhleb_grotto_becter, lemuel_temple_firewalk_b,
          serial_bayou_lake_a
D:7:      layout_cave_pools, kennysheep_mini_moat, enter_bailey_2,
          ebering_ghost_rock_garden, nicolae_sextant, grunt_ministairs_11,
          uniq_maggie, uniq_harold, uniq_prince_ribbit1
D:8:      layout_loops_ring, nicolae_overflow_hidden_temple,
          overflow_temple_1_default, chequers_temple_overflow_statue_of_worship,
          serial_shops, shop, minmay_sticks_and_stones
D:9:      layout_irregular_city, grunt_temple_overflow_opulence,
          lemuel_oklob_altar, uniq_maurice
D:10:     layout_irregular_city, basic_altar
D:11:     layout_small_grid, dpeg_oklobed_lair
D:12:     layout_basic, david_orc_3, uniq_erolcha
D:13:     minmay_the_grid_plus [minmay_the_grid_spikes,
          minmay_the_grid_zigzag_pyramid, minmay_the_grid_large_cup,
          minmay_the_grid_medium_cups,
          minmay_the_grid_prize_four_corners_diamond_b], layout_layer_cave,
          amcnicky_mini_corridor_feature
D:14:     layout_gridville, david_vaults_5, chequers_serial_rivers_small_3,
          basic_altar
D:15:     gammafunk_enter_depths_forms, layout_basic, minmay_misc_feat_tiny,
          basic_altar, drop_trap, corexii_leaking_fountain
Temple:   bh_familiar_temple
Lair:1:   layout_loops_ring, basic_altar, infiniplex_staircase_pool,
          lemuel_fruit_tree, uniq_urug
Lair:2:   layout_regular_city, serial_bayou_shore_a, grunt_megastairs_2
Lair:3:   layout_misc_corridors, minmay_swamp_entry_worms
Lair:4:   layout_regular_city, spider_nest_entry_rubble, lemuel_fruit_fields
Lair:5:   layout_loops_ring, infiniplex_staircase_pool_2, uniq_josephine,
          uniq_snorg
Lair:6:   grunt_lair_end_beastmaster, layout_misc_corridors, slime_dummy,
          chequers_serial_rivers_small_b, serial_bayou_pond_b,
          serial_bayou_pond_b, st_stairs_5
Swamp:1:  layout_falls_marsh, portal_ice_cave_entry_frozen_things,
          hangedman_swamp_cone, uniq_kirke
Spider:1: layout_spider_delve, uniq_azrael
Spider:2: layout_chambers
Spider:3: layout_spider_delve
Orc:1:    layout_caves, mines1_david
Orc:2:    st_orc_congregation, layout_caves, basic_altar

Skill      XL: |  1  2  3  4  5  6  7  8  9 10 11 12 13 14 15 16 |
---------------+-------------------------------------------------+-----
Polearms       | 2 3 4 5 6 7 9 10 11 12 13 | 13.9
Invocations    | 3 4 5 6 8 10 12 | 12.0
Fighting       | 4 5 6 7 8 9 10 11 12 13 | 13.9
Armour         | 2 6 8 9 10 | 10.2
Dodging        | 3 5 6 7 |  7.9
Throwing       | 2 6 8 |  8.3
Evocations     | 2 7 10 11 | 11.3

Action                   |  1- 3 |  4- 6 |  7- 9 | 10-12 | 13-15 | 16-18 || total
-------------------------+-------+-------+-------+-------+-------+-------++-------
Melee: Spear             |    86 |    97 |       |       |       |       ||   183
       Kick              |     5 |    37 |    88 |   217 |   429 |    59 ||   835
       Trident           |       |   101 |   395 |    20 |    54 |    17 ||   587
       Glaive            |       |       |    51 |   754 |  1051 |   120 ||  1976
       Unarmed           |       |       |       |     9 |       |    20 ||    29
Throw: Dart              |       |       |    77 |    18 |    36 |       ||   131
Invok: Banish            |       |       |     7 |     1 |     4 |       ||    12
Evoke: Wand              |       |    14 |    10 |     6 |    18 |       ||    48
       Box of beasts     |       |       |       |       |     2 |       ||     2
  Use: Potion            |     5 |     2 |       |     8 |     9 |       ||    24
       Scroll            |       |     7 |     9 |    11 |    21 |     4 ||    52
 Stab: Sleeping          |     4 |     2 |     1 |     5 |     7 |       ||    19
       Distracted        |       |     1 |     1 |    11 |    22 |     1 ||    36
       Invisible         |       |     1 |       |       |       |       ||     1
       Betrayed ally     |       |       |       |       |     1 |       ||     1
Armor: Leather armour    |    13 |    18 |       |       |       |       ||    31
       Scale mail        |       |    43 |   167 |   402 |    92 |       ||   704
       Swamp dragon scal |       |       |       |       |   198 |    36 ||   234
       Plate armour      |       |       |       |       |    31 |       ||    31
Dodge: Dodged            |    43 |   102 |   190 |   541 |   706 |   128 ||  1710
Block: Other             |       |       |       |       |   203 |    33 ||   236
       Reflection        |       |       |       |       |     7 |       ||     7
